 Dungeon Crawl Stone Soup version 0.30.1-3-gfc49f6343a (webtiles) character file.

Game seed: 17760916288385528656

130 cdecastro the Magician (level 5, -4/39 HPs)
             Began as a Djinni Ice Elementalist on July 20, 2023.
             Slain by a gnoll
             ... wielding a +0 halberd
              (8 damage)
             ... on level 3 of the Dungeon.
             The game lasted 00:03:49 (2107 turns).

cdecastro the Magician (Djinni Ice Elementalist)    Turns: 2107, Time: 00:03:49

Health: -4/39      AC:  2    Str:  7    XL:     5   Next: 36%
Gold:   99         EV: 12    Int: 19    God:
                   SH:  0    Dex: 13

rFire   + + +        h - +1 dagger (vamp)
rCold   x . .        (no shield)
rNeg    . . .        a - +0 robe
rPois   ∞            (no helmet)
rElec   .            (no cloak)
rCorr   .            (no gloves)
SInv    .            (boots unavailable)
Will    +....        (no amulet)
Stlth   ++           l - ring of protection from fire
HPRegen 0.26/turn    m - ring of willpower
MPRegen 0.00/turn

%: infuse magic (-5 HP)
@: flying
A: sickness immunity, fire resistance 2, cold vulnerability 1, float, innate
caster, HP casting, extra vitality 1
a: no special abilities


You were on level 3 of the Dungeon.
You visited 1 branch of the dungeon, and saw 3 of its levels.

You collected 99 gold pieces.

Inventory:

Hand Weapons
 h - a +1 vampiric dagger (weapon)
Armour
 a - a +0 robe (worn)
Jewellery
 l - a ring of protection from fire (left hand)
 m - a ring of willpower (right hand)
Wands
 k - a wand of paralysis (9)
Scrolls
 c - 2 scrolls of identify {unknown}
 e - a scroll of amnesia {unknown}
 f - a scroll of blinking {unknown}
 j - a scroll of enchant armour {unknown}
 n - a scroll of poison {unknown}
 o - a scroll of teleportation {unknown}
 p - a scroll of enchant weapon {unknown}
Potions
 b - a potion of magic {unknown}
 d - a potion of curing {unknown}
 g - 2 potions of heal wounds {unknown}
 i - a potion of flight {unknown}
 q - a potion of haste {unknown}


   Skills:
 + Level 2.4 Fighting
 - Level 2.1 Dodging
 - Level 1.5 Stealth
 * Level 4.4 Spellcasting


You knew the following spells:

 Your Spells              Type           Power      Damage    Failure   Level
a - Freeze                Ice            84%        1d9       1%          1
b - Frozen Ramparts       Ice            42%        1d7       6%          3
c - Ozocubu's Armour      Ice            21%        N/A       6%          3
d - Summon Ice Beast      Ice/Summ       21%        N/A       21%         4
e - Slow                  Hex            84%        N/A       1%          1
f - Lesser Beckoning      Tloc           42%        N/A       3%          2
Your spell library was empty.

Dungeon Overview and Level Annotations

Branches:
Dungeon (3/15)

Altars:

Shops:
D:1 ([=:*


Innate Abilities, Weirdness & Mutations

You are immune to sickness and miasma.
You are immune to poison.
Your flesh is very heat resistant. (rF++)
You are vulnerable to cold. (rC-)
You float through the air rather than walking.
You learn spells naturally, not from books.
Your magical power is your life essence.
You have superior vitality. (+4 MHP)


Message History

Unknown command.
Unknown command.
You hit the gnoll.
The gnoll is almost dead.
The wall freezes the gnoll.
You kill the gnoll!
The wall freezes the gnoll.
The wall freezes the gnoll but does no damage.
The wall freezes the gnoll.
You hit the gnoll but do no damage.
The gnoll is moderately wounded.
The wall freezes the gnoll but does no damage.
The gnoll barely misses you.
The wall freezes the gnoll. x2
The gnoll barely misses you.
Unknown command.
You closely miss the gnoll.
The gnoll is moderately wounded.
The wall freezes the gnoll.
The gnoll hits you with a +0 flail!
* * * LOW HITPOINT WARNING * * *
The wall freezes the gnoll but does no damage.
The gnoll closely misses you.
The wall freezes the gnoll.
Unknown command.
You hit the gnoll.
You kill the gnoll!
The wall freezes the gnoll.
The gnoll barely misses you.
The wall freezes the gnoll.
You kill the gnoll!
Unknown command.
The wall freezes the gnoll but does no damage.
The gnoll hits you from afar with a +0 halberd.
* * * LOW HITPOINT WARNING * * *
Unknown command.
The wall freezes the gnoll but does no damage.
The gnoll completely misses you.
Unknown command.
The wall freezes the gnoll.
The gnoll barely misses you.
Unknown command.
The frozen ramparts melt away.
The gnoll hits you from afar with a +0 halberd!
You die...

..# ##### #.#####...#
#.....#...#
......'...#
......#...#
......#...# #
......#...# .#
......#...########g.#
......#........!@)).#
.[....#.........###.#
......#.........#
########....#.###
#......#
#####>#...###
#...........#
#.###.).....#
#.......#


You could see a gnoll.

Vanquished Creatures
  3 gnolls (D:3)
  4 adders (D:2)
  A worm (D:3)
  3 dart slugs (D:2)
  6 ball pythons
  2 endoplasms
  2 giant cockroaches (D:2)
  6 goblins
  5 hobgoblins
  4 jackals (D:1)
  2 quokkas
  7 bats
  2 frilled lizards (D:1)
  6 kobolds
  3 rats
56 creatures vanquished.

Notes
Turn   | Place    | Note
-------+----------+-------------------------------------------
     0 | D:1      | cdecastro the Djinni Ice Elementalist began the quest for
                  | the Orb.
     0 | D:1      | cdecastro set off with the following spells memorised:
                  | Freeze, Frozen Ramparts, Ozocubu's Armour, Summon Ice
                  | Beast.
     0 | D:1      | Reached XP level 1. HP: 15/15 MP: 0/0
    89 | D:1      | Found Tatuoc's Antique Armour Emporium.
    94 | D:1      | Found Coempi's Jewellery Emporium.
   100 | D:1      | Found Pehasm's General Store.
   107 | D:1      | Found Awiesute's Book Shop.
   166 | D:1      | Reached XP level 2. HP: 21/22 MP: 0/0
   299 | D:1      | Found Leymuyta's Antique Weapon Boutique.
   421 | D:1      | Reached skill level 1 in Fighting
   612 | D:1      | Reached XP level 3. HP: 18/27 MP: 0/0
   612 | D:1      | Learned a level 1 spell: Slow
  1368 | D:2      | Reached skill level 4 in Spellcasting
  1368 | D:2      | Reached XP level 4. HP: 30/33 MP: 0/0
  1547 | D:2      | Found a faded altar of an unknown god.
  1964 | D:3      | Reached XP level 5. HP: 35/38 MP: 0/0
  1964 | D:3      | Learned a level 2 spell: Lesser Beckoning
  2107 | D:3      | Slain by a gnoll

Illustrated notes

Levels and vault maps discovered:
D:1:      dpeg_arrival_circle_labyrinth_c, layout_basic, serial_shops,
          nicolae_shop_waterfront, shop, shop, shop, shop_fountains,
          bh_walls_and_bars
D:2:      layout_basic, basic_ecumenical_altar, dk_noncrumbling_3,
          ebering_dispersal_statue_hall
D:3:      layout_basic

Skill      XL: |  1  2  3  4 |
---------------+-------------+-----
Fighting       | 1 2 |  2.4
Spellcasting   | 4 |  4.4
Dodging        | |  2.1
Stealth        | |  1.5

Action                     |  1- 3 |  4- 6 || total
---------------------------+-------+-------++-------
  Melee: Unarmed           |     2 |       ||     2
         Dagger            |    15 |     7 ||    22
   Cast: Freeze            |    44 |    45 ||    89
         Frozen Ramparts   |       |     1 ||     1
   Stab: Sleeping          |     1 |       ||     1
 Armour: Robe              |    13 |    16 ||    29
  Dodge: Dodged            |    32 |    34 ||    66
